AoeStats
← Chasixx

Four Lakes

509815406Analyzed
1v1 RM · 2d ago on Sep 28, 2026· 34m 12s· 2 players
Game mode
Random Map
Map size
Tiny (2 player)
Population
200
Speed
Normal
Resources
Standard
Victory
Conquest
Starting age
Dark Age
Ending age
Imperial Age
RankedLock teamsTeams togetherTeam positionsShared explorationLock speedFull tech treeHidden civsTurbo modeCheats
Victory
Defeat
🇩🇪 Maya · Germany
631
+13
🇳🇱 Shu · Netherlands
571
-13
Chasixx
5:33 Loom
12:35 Feudal Age
14:19 Wheelbarrow
13:30 Town Watch
14:31 Double-Bit Axe
20:37 Castle Age
20:56 Horse Collar
22:20 Husbandry
24:06 Hand Cart
24:30 Forging
25:26 Town Patrol
26:33 Gold Mining
26:34 Stone Mining
26:39 Elite Skirmisher
27:25 Thumb Ring
32:11 Imperial Age
32:29 Scale Barding Armor
hishighness
0:31 Loom
13:06 Feudal Age
13:53 Double-Bit Axe
15:43 Gold Mining
20:43 Castle Age
21:51 Bow Saw
21:27 Horse Collar
27:02 Imperial Age
24:48 Eagle Warrior
25:31 Squires
25:46 Forging
27:10 Iron Casting
26:36 Scale Mail Armor
27:14 Arson
28:27 Capped Ram
29:19 Fishing Lines
31:05 Chain Mail Armor
32:18 Plate Mail Armor
32:03 Gillnets
Connection lost

Rejoining the realm…

Still unreachable

The connection could not be restored.

Session expired

The server has moved on; the page needs a fresh start.